[Event "*** SCC Grand Prix: Titled Tuesday Blitz"]
[Site "Chess.com"]
[Date "2020.06.02"]
[Round "3"]
[White "Korona_91"]
[Black "OnePeculiarConundrum"]
[Result "0-1"]
[WhiteElo "2517"]
[BlackElo "2247"]
[TimeControl "180+1"]
[EndTime "10:28:04 PDT"]
[Termination "OnePeculiarConundrum won by resignation"]

1. e4 c5 2. Nf3 d6 3. Bb5+ Bd7 4.
c4 Nf6 5. Nc3 g6 6. d4 cxd4 7.
Nxd4 Bg7 8. O-O O-O 9. f3 a6 10.
Bxd7 Qxd7 11. Be3 Nc6 12. Rc1 Rfc8 13. b3 Rab8 14. Qe2 Nxe4 15. fxe4 Nxd4 16. Qf2 e5 17. Nd5 Rf8 18. Bxd4 exd4 19. Nf6+ Bxf6 20. Qxf6 d3 21. Rcd1 Rbe8 22. Rfe1 Re6 23. Qd4 Rfe8 24. Rxd3 Qe7 25. Rf1 Rxe4 26. Qxd6 Qxd6 27. Rxd6 R8e7 28.
Rb6 Re2 29. a4 Rb2 30. Rf3 Re1+ 31. Rf1 Ree2 32. Rd1 Rxg2+ 33. Kf1 Rxh2 34. Kg1 Rhg2+ 35. Kf1 Rgf2+ 36. Kg1 h5 37. Rxb7 h4 38. c5 h3 39.
c6 Rg2+ 0-1

[Event "*** SCC Grand Prix: Titled Tuesday Blitz"]
[Site "Chess.com"]
[Date "2020.06.02"]
[Round "3"]
[White "ChristopherYoo"]
[Black "AungTZ"]
[Result "1-0"]
[WhiteElo "2820"]
[BlackElo "1929"]
[TimeControl "180+1"]
[EndTime "10:28:05 PDT"]
[Termination "ChristopherYoo won on time"]

1. e4 c5 2. Nf3 Nc6 3. Nc3 d6 4. d4 cxd4 5. Nxd4 Nf6 6. Bg5 e6 7. Bb5 Bd7 8. Qd3 Be7 9. Bxc6 bxc6 10. O-O-O O-O 11. Nb3 d5 12. e5 Ne8 13. Bxe7 Qxe7 14.
Qe3 a5 15. Nc5 Nc7 16. N3e4 Bc8 17. Nf6+ gxf6 18. Qg3+ Kh8 19. exf6 Qxf6 20. Qxc7 e5 21. Rd3 Bf5 22. Rf3 Qg5+ 23. Re3 d4 24. Qxe5+ f6 25. Qxd4 Rad8 26. Qc3 Qxg2 27. Rhe1 Qxf2 28. Rf3 Qxh2 29. Rxf5 Qh6+ 30. Kb1 Qh4 31. Rff1 Rd5 32. Ne6 Re8 33.
Qxc6 1-0

[Event "*** SCC Grand Prix: Titled Tuesday Blitz"]
[Site "Chess.com"]
[Date "2020.06.02"]
[Round "3"]
[White "allvim"]
[Black "HrvojeZagreb"]
[Result "1-0"]
[WhiteElo "2325"]
[BlackElo "2101"]
[TimeControl "180+1"]
[EndTime "10:28:05 PDT"]
[Termination "allvim won by resignation"]

1. e4 d6 2. d4 Nd7 3. Nc3 e5 4. Nf3 Ngf6 5. Bc4 Be7 6. O-O c6 7. a4 Qc7 8. Qe2 h6 9. Rd1 Nf8 10. dxe5 dxe5 11. a5 Be6 12. h3 Bxc4 13. Qxc4 Ne6 14.
Be3 O-O 15. Nh4 Rfd8 16. Nf5 Bf8 17. Qe2 g6 18. Nxh6+ Kh7 19. Ng4 Nh5 20. Qf3 Nef4 21. Ne2 Nxe2+ 22. Qxe2 Nf4 23. Bxf4 exf4 24. e5 Bh6 25.
Qc4 Kg7 26. Nxh6 Kxh6 27. Qxf4+ Kg7 28. Qf6+ Kg8 29. e6 Rxd1+ 30. Rxd1 Re8 31. exf7+ Qxf7 32.
Qxf7+ Kxf7 33. Rd7+ Kf6 34. Rxb7 Re2 35. c3 Re1+ 36. Kh2 Rb1 37. Kg3 1-0

[Event "*** SCC Grand Prix: Titled Tuesday Blitz"]
[Site "Chess.com"]
[Date "2020.06.02"]
[Round "3"]
[White "Ali-Farahat"]
[Black "kuban1991"]
[Result "1-0"]
[WhiteElo "2372"]
[BlackElo "2708"]
[TimeControl "180+1"]
[EndTime "10:28:06 PDT"]
[Termination "Ali-Farahat won by resignation"]

1. e4 e6 2. d4 d5 3. Nd2 c5 4. Ngf3 Nc6 5. c3 cxd4 6. cxd4 dxe4 7. Nxe4 Bb4+ 8. Nc3 Nf6 9. Bc4 O-O 10. O-O a6 11. a3 Be7 12. Ba2 b5 13. Re1 Bb7 14. Qd3 Rc8 15.
Bb1 g6 16. Bh6 Re8 17. Ba2 Bf8 18. Bg5 Bg7 19. Rad1 h6 20. Bh4 Ne7 21. d5 exd5 22.
Nd4 Nc6 23. Nxd5 Rxe1+ 24. Rxe1 Nxd4 25. Nxf6+ Bxf6 26. Qxg6+ Bg7 27. Qxf7+ Kh8 28. Bxd8 Ne2+ 29. Kf1 Rxd8 30. Qxb7 1-0

[Event "*** SCC Grand Prix: Titled Tuesday Blitz"]
[Site "Chess.com"]
[Date "2020.06.02"]
[Round "3"]
[White "mikerahal"]
[Black "talaicito"]
[Result "0-1"]
[WhiteElo "2300"]
[BlackElo "2118"]
[TimeControl "180+1"]
[EndTime "10:28:07 PDT"]
[Termination "talaicito won on time"]

1. e4 e5 2. Nf3 Nc6 3. Bb5 a6 4.
Ba4 Nf6 5. O-O b5 6. Bb3 Be7 7. d3 d6 8. a3 O-O 9. Nc3 Be6 10.
Ba2 Bxa2 11. Rxa2 d5 12. exd5 Nxd5 13. Re1 Nxc3 14. bxc3 Qd5 15. Ra1 Bc5 16. Be3 Rad8 17. Nd2 f5 18. a4 b4 19. c4 Qd6 20. Nb3 Bd4 21. Bxd4 Nxd4 22. Nxd4 Qxd4 23. Qf3 e4 24. dxe4 fxe4 25. Qxe4 Qxf2+ 26. Kh1 Rd2 27. h3 Rxc2 28. Rad1 b3 29. Rd7 b2 30. Qd5+ Kh8 31. Rd8 Qxe1+ 32. Kh2 Qf2 33. Rxf8+ Qxf8 0-1

[Event "*** SCC Grand Prix: Titled Tuesday Blitz"]
[Site "Chess.com"]
[Date "2020.06.02"]
[Round "3"]
[White "politeplayer"]
[Black "Anna_Ko_Rnd"]
[Result "1-0"]
[WhiteElo "2241"]
[BlackElo "1737"]
[TimeControl "180+1"]
[EndTime "10:28:07 PDT"]
[Termination "politeplayer won by resignation"]

1. d4 Nf6 2. Nf3 e6 3. e3 c5 4. Bd3 Nc6 5. c3 b6 6. O-O Bb7 7. Nbd2 Be7 8. Re1 d5 9. Qc2 O-O 10. Ne5 Rc8 11. Nxc6 Bxc6 12. Nf3 h6 13. Ne5 Bb7 14.
Qe2 cxd4 15. exd4 Ne4 16. Qg4 Nf6 17. Qg3 Kh8 18. Qh3 Ng8 19. Re3 Bg5 20. Rf3 Rc7 21.
Bxg5 Qxg5 22. Ng6+ fxg6 23. Rxf8 Re7 24. Qg3 Qxg3 25.
fxg3 Kh7 26. Raf1 Nf6 27. h3 Bc6 28. g4 e5 29. dxe5 Rxe5 30. Rf7 Ne4 31. Bxe4 dxe4 32. Rc7 Ba8 33. Rff7 e3 34. Rxg7+ Kh8 35. Rge7 1-0

[Event "*** SCC Grand Prix: Titled Tuesday Blitz"]
[Site "Chess.com"]
[Date "2020.06.02"]
[Round "3"]
[White "LiemLe"]
[Black "Iljushin_Alexey"]
[Result "1/2-1/2"]
[WhiteElo "2913"]
[BlackElo "2665"]
[TimeControl "180+1"]
[EndTime "10:28:09 PDT"]
[Termination "Game drawn by repetition"]

1. e4 c6 2. d4 d5 3. e5 Bf5 4. Nf3 e6 5. Be2 Nd7 6. O-O Bg6 7. Nbd2 Nh6 8. Nb3 Nf5 9. a4 h5 10. a5 h4 11. c4 a6 12. Bd2 Be7 13. Rc1 Bh5 14. Ne1 Bxe2 15. Qxe2 g6 16. cxd5 cxd5 17.
Nd3 Kf8 18. g4 hxg3 19. hxg3 Kg7 20. Kg2 Rc8 21. Bc3 Rc4 22. Rh1 Rxh1 23. Rxh1 Qb8 24. Nd2 Rc8 25. Nf3 Rh8 26. Rxh8 Qxh8 27. Qd2 Qc8 28.
Bb4 Qc4 29. Bxe7 Nxe7 30. Qg5 Nf5 31. Nc5 Nxc5 32. Qf6+ Kf8 33. Qd8+ Kg7 34. Qf6+ Kg8 35. Ng5 Ne3+ 36. fxe3 Qe2+ 37. Kh3 Qh5+ 38. Kg2 Qe2+ 39.
Kh1 Qe1+ 40. Kh2 Qe2+ 41. Kh3 Qh5+ 42. Kg2 Qe2+ 1/2-1/2

[Event "*** SCC Grand Prix: Titled Tuesday Blitz"]
[Site "Chess.com"]
[Date "2020.06.02"]
[Round "3"]
[White "VladimirBelous"]
[Black "BLITZMASTER"]
[Result "1-0"]
[WhiteElo "2733"]
[BlackElo "2510"]
[TimeControl "180+1"]
[EndTime "10:28:10 PDT"]
[Termination "VladimirBelous won by resignation"]

1. c4 e5 2. g3 Nc6 3. Bg2 Bc5 4.
Nf3 d6 5. O-O a6 6. e3 Ba7 7. a3 Nge7 8. b4 O-O 9. b5 Nb8 10. d4 exd4 11. Nxd4 axb5 12. cxb5 Nd7 13. Bb2 Nc5 14. Nd2 Bb6 15. a4 Nf5 16. Nc4 Nxd4 17.
exd4 Nd7 18. a5 Ba7 19. a6 Rb8 20. axb7 Bxb7 21. Rxa7 Bxg2 22. Kxg2 Rxb5 23. Bc3 Qb8 24. Ra3 Nf6 25. Ne3 Re8 26. d5 Ne4 27. Qd4 Nxc3 28. Rxc3 Qb7 29. Rfc1 1-0

[Event "*** SCC Grand Prix: Titled Tuesday Blitz"]
[Site "Chess.com"]
[Date "2020.06.02"]
[Round "3"]
[White "Saxar85"]
[Black "elohunter1999"]
[Result "1-0"]
[WhiteElo "2732"]
[BlackElo "2503"]
[TimeControl "180+1"]
[EndTime "10:28:10 PDT"]
[Termination "Saxar85 won by resignation"]

1. Nf3 d5 2. g3 Nd7 3. d4 b5 4. Bg2 Bb7 5. O-O e6 6. a4 b4 7.
c4 bxc3 8. Nxc3 Ngf6 9. Bf4 a6 10. a5 Be7 11. Qa4 c5 12. dxc5 Bxc5 13. b4 Be7 14. b5 axb5 15. Nxb5 O-O 16. Bc7 Qc8 17.
Rfc1 Nc5 18. Qa3 Ba6 19. Bd6 Bxd6 20. Nxd6 Qd7 21. Qxc5 Rfd8 22. Nxf7 Qxf7 23. Ne5 Qh5 24. Nc6 Rd7 25. e3 Rf7 26. h3 Bd3 27. Qd6 Ne4 28.
Qxe6 Nxf2 29. Ne5 Qf5 30. Qxf7+ Qxf7 31. Nxf7 1-0

[Event "*** SCC Grand Prix: Titled Tuesday Blitz"]
[Site "Chess.com"]
[Date "2020.06.02"]
[Round "3"]
[White "DaggiGretarsson"]
[Black "Yaacovn"]
[Result "1-0"]
[WhiteElo "2657"]
[BlackElo "2862"]
[TimeControl "180+1"]
[EndTime "10:28:11 PDT"]
[Termination "DaggiGretarsson won on time"]

1. d4 Nf6 2. c4 e5 3. dxe5 Ne4 4.
a3 d6 5. Qc2 Nc5 6. b4 Ne6 7.
exd6 Bxd6 8. Bb2 O-O 9. Nf3 a5 10. c5 Be7 11. e3 axb4 12. axb4 Rxa1 13. Bxa1 Nc6 14. Bc3 b6 15. Bd3 bxc5 16. b5 Nb4 17. Bxb4 cxb4 18. Bxh7+ Kh8 19. Bd3 b3 20. Qe2 Bb4+ 21.
Nfd2 Re8 22. Qh5+ Kg8 23. Qh7+ Kf8 24. Qh8+ Ke7 25. Qh4+ Kf8 26. Qxb4+ Kg8 27. Be4 c5 28. Qxb3 1-0

[Event "*** SCC Grand Prix: Titled Tuesday Blitz"]
[Site "Chess.com"]
[Date "2020.06.02"]
[Round "3"]
[White "Niclox"]
[Black "MITerryble"]
[Result "1-0"]
[WhiteElo "2645"]
[BlackElo "2810"]
[TimeControl "180+1"]
[EndTime "10:28:11 PDT"]
[Termination "Niclox won on time"]

1. e4 e6 2. d4 d5 3. exd5 exd5 4. c4 Bb4+ 5. Nc3 Ne7 6. h3 O-O 7. Nf3 Nbc6 8. a3 Bxc3+ 9. bxc3 Re8 10. Be2 dxc4 11.
Bxc4 Nd5+ 12. Kf1 Na5 13. Bd3 h6 14. Bc2 Nxc3 15. Qd2 Ne2 16. Qxa5 Nxd4 17. Bd1 b6 18. Qd2 Ba6+ 19. Kg1 Ne2+ 20. Bxe2 Rxe2 21. Qxd8+ Rxd8 22. Be3 Bb7 23. Kh2 Bxf3 24. gxf3 Rd3 25. Kg3 c5 26. a4 Rc2 27. a5 Rb3 28. Rhd1 f5 29. axb6 axb6 30. Rd7 1-0

[Event "*** SCC Grand Prix: Titled Tuesday Blitz"]
[Site "Chess.com"]
[Date "2020.06.02"]
[Round "3"]
[White "SoltaniciR"]
[Black "davekoenig"]
[Result "0-1"]
[WhiteElo "2448"]
[BlackElo "2160"]
[TimeControl "180+1"]
[EndTime "10:28:11 PDT"]
[Termination "davekoenig won by resignation"]

1. e4 e5 2. Nf3 Nc6 3. Bb5 Nf6 4. d3 Ne7 5. d4 c6 6. Bc4 d5 7. exd5 e4 8. Ne5 Nexd5 9. O-O Bd6 10. Nc3 Be6 11. Nxd5 cxd5 12. Bb5+ Nd7 13. Nxd7 Bxd7 14. Bxd7+ Qxd7 15. f3 O-O 16. fxe4 dxe4 17. Bf4 Rad8 18.
c3 Qc7 19. Bxd6 Rxd6 20. Qe2 Rh6 21. g3 f5 22. c4 Qb6 23. c5 Qe6 24. b3 Rd8 25.
Rad1 Qd5 26. Qe3 Ra6 27. a4 b6 28. Qg5 g6 29. g4 bxc5 30. gxf5 cxd4 31. Qe7 gxf5 32.
Rf2 Rg6+ 33. Rg2 Rxg2+ 34. Kxg2 e3+ 35. Kg3 Qd6+ 36. Qxd6 Rxd6 37. Rd3 Re6 0-1

[Event "*** SCC Grand Prix: Titled Tuesday Blitz"]
[Site "Chess.com"]
[Date "2020.06.02"]
[Round "3"]
[White "Parkas"]
[Black "c63_amg"]
[Result "0-1"]
[WhiteElo "2308"]
[BlackElo "2702"]
[TimeControl "180+1"]
[EndTime "10:28:11 PDT"]
[Termination "c63_amg won by resignation"]

1. c4 Nf6 2. g3 e6 3. Nf3 b6 4. Bg2 Bb7 5. O-O g6 6. b3 Bg7 7. Bb2 O-O 8. d3 d6 9. Nbd2 Nbd7 10. Qc2 Qe7 11. e4 e5 12. Rae1 a5 13. d4 a4 14. Nb1 axb3 15. axb3 exd4 16. Nxd4 Nc5 17. Nc3 Rfe8 18. b4 Ncd7 19. Qd2 Ne5 20. Nd5 Nxd5 21. exd5 Qd7 22. Qc2 Ra2 23. Re3 Nxc4 24. Rxe8+ Qxe8 25.
Qxc4 Rxb2 26. Qxc7 Bxd4 27. Qxb7 Rxf2 0-1

[Event "*** SCC Grand Prix: Titled Tuesday Blitz"]
[Site "Chess.com"]
[Date "2020.06.02"]
[Round "3"]
[White "SidArun"]
[Black "Mikasinski"]
[Result "0-1"]
[WhiteElo "2203"]
[BlackElo "2477"]
[TimeControl "180+1"]
[EndTime "10:28:11 PDT"]
[Termination "Mikasinski won by checkmate"]

1. d4 Nf6 2. g3 g6 3. Bg2 Bg7 4. Nf3 d6 5. O-O O-O 6. b3 e5 7. dxe5 dxe5 8. Qxd8 Rxd8 9. Bb2 e4 10. Ng5 Bf5 11. Nc3 Nc6 12. Rab1 e3 13. fxe3 Bxc2 14. Rbc1 Bf5 15. e4 Bg4 16. Nb5 h6 17. Bxf6 Bxf6 18.
Rxf6 hxg5 19. Nxc7 Rac8 20. Nd5 Kg7 21. Rf2 Nd4 22.
Rxc8 Rxc8 23. Bf1 Rc1 24. Kg2 Nc2 25. h3 Be6 26. Kf3 f5 27. Ne3 Ne1# 0-1

[Event "*** SCC Grand Prix: Titled Tuesday Blitz"]
[Site "Chess.com"]
[Date "2020.06.02"]
[Round "3"]
[White "aRk_iN"]
[Black "Everyfishknows"]
[Result "1/2-1/2"]
[WhiteElo "2099"]
[BlackElo "2308"]
[TimeControl "180+1"]
[EndTime "10:28:11 PDT"]
[Termination "Game drawn by repetition"]

1. d4 Nf6 2. Bg5 Ne4 3. h4 d5 4. Nd2 Bf5 5. Ngf3 h6 6. Bf4 e6 7.
Nxe4 Bxe4 8. e3 c5 9. Bd3 Bxd3 10.
Qxd3 Nc6 11. O-O Bd6 12. Bxd6 Qxd6 13. dxc5 Qxc5 14. c3 O-O 15. e4 Rfd8 16. e5 d4 17. cxd4 Nxd4 18. Nxd4 Rxd4 19. Qe3 Rd5 20. Rfe1 Qxe3 21.
Rxe3 Rc8 22. Rae1 Rc2 23. R1e2 Rd1+ 24. Kh2 Rdd2 25. Rxd2 Rxd2 26. Rb3 b6 27. Kg3 Kf8 28. a4 Ke7 29. a5 bxa5 30. Rb7+ Rd7 31. Rb5 Rd5 32.
Rb7+ Rd7 33. Rb5 f6 34. exf6+ Kxf6 35. Rxa5 Rb7 36. Ra6 Rxb2 37. Rxa7 g5 38. hxg5+ hxg5 39. Ra5 Rb3+ 40. f3 Rd3 41. Kg4 Rd4+ 42. Kg3 Rd5 43. Ra6 Kf5 44. Rb6 Rc5 45. Ra6 Rd5 46. Rb6 Rc5 47. Ra6 Rd5 1/2-1/2

[Event "*** SCC Grand Prix: Titled Tuesday Blitz"]
[Site "Chess.com"]
[Date "2020.06.02"]
[Round "3"]
[White "swimmerchess"]
[Black "grzechu96"]
[Result "1-0"]
[WhiteElo "2833"]
[BlackElo "2628"]
[TimeControl "180+1"]
[EndTime "10:28:12 PDT"]
[Termination "swimmerchess won by resignation"]

1. e4 e5 2. Nf3 Nc6 3. Bb5 a6 4.
Ba4 Nf6 5. O-O Be7 6. Re1 b5 7. Bb3 d6 8. c3 O-O 9. h3 Nb8 10. d4 Nbd7 11. Nbd2 Bb7 12. Bc2 c5 13. d5 c4 14. b3 cxb3 15. axb3 Qc7 16. Bb2 a5 17. Bd3 b4 18. cxb4 axb4 19. Rc1 Nc5 20. Bb1 Ba6 21. Nc4 Nfd7 22. Ne3 g6 23. Qd2 Qb6 24. Bc2 Qb5 25. Rcd1 Bb7 26. Ng4 Rfc8 27. Ng5 Bf8 28. f4 Ra2 29. Bb1 Nxb3 30. Qf2 Rxb2 31. Qxb2 Qc5+ 32. Kh2 Qc3 33. Qf2 h5 34. Re3 Qc4 35. fxe5 dxe5 36. Qxf7+ 1-0

[Event "*** SCC Grand Prix: Titled Tuesday Blitz"]
[Site "Chess.com"]
[Date "2020.06.02"]
[Round "3"]
[White "JesseKraai"]
[Black "Dedic8"]
[Result "0-1"]
[WhiteElo "2426"]
[BlackElo "2713"]
[TimeControl "180+1"]
[EndTime "10:28:12 PDT"]
[Termination "Dedic8 won by resignation"]

1. d4 Nf6 2. c4 g6 3. Nc3 d5 4.
Nf3 Bg7 5. e3 O-O 6. Qb3 c5 7.
cxd5 cxd4 8. exd4 Nbd7 9. Be2 Nb6 10. O-O Nbxd5 11. Re1 b6 12. Ne5 Bb7 13. Bf3 h6 14. Bd2 Rc8 15. Rad1 e6 16. Bc1 a6 17. h4 b5 18. Na4 Nd7 19. Nxd7 Qxd7 20. Nc5 Qc7 21. a4 b4 22. Nxb7 Qxb7 23. Bf4 Rfd8 24. Be5 a5 25. h5 g5 26. Qd3 Qc6 27. Qe2 Qc2 28. Rd2 Qxa4 29.
Bxg7 Kxg7 30. Qe5+ Nf6 31. d5 exd5 32. Qd4 Re8 33. Red1 Rc2 34. g3 Rxd2 35. Rxd2 Qd7 36.
Kg2 Re1 37. Rc2 Qb5 38. Kh2 g4 39. Bg2 Qe8 40. Rc7 Re5 41. Qf4 Rxh5+ 42. Kg1 Qe5 43.
Qd2 Qxc7 0-1

[Event "*** SCC Grand Prix: Titled Tuesday Blitz"]
[Site "Chess.com"]
[Date "2020.06.02"]
[Round "3"]
[White "latixxa"]
[Black "Benjoneliere44"]
[Result "1-0"]
[WhiteElo "2158"]
[BlackElo "2447"]
[TimeControl "180+1"]
[EndTime "10:28:12 PDT"]
[Termination "latixxa won by resignation"]

1. d4 d6 2. e4 g6 3. Nc3 Bg7 4. f4 Nf6 5. Nf3 O-O 6. e5 dxe5 7. fxe5 Nd5 8. Bc4 Nxc3 9. bxc3 c5 10. O-O cxd4 11.
cxd4 Nc6 12. c3 Na5 13. Bd3 Be6 14. Qe2 Rc8 15. Bd2 Bc4 16. Ng5 Bxd3 17. Qxd3 e6 18. Ne4 Qd5 19. Bh6 Qxe4 20. Qxe4 Bxh6 21. Rf3 Bg7 22. Raf1 Rc7 23. Rh3 Nc6 24. Qh4 h6 25. Rhf3 Ne7 26. g4 g5 27. Qg3 Ng6 28. Rd3 Nf4 29.
Rxf4 gxf4 30. Qxf4 Rfc8 31. Qf3 b5 32. Kf2 a5 33. Kg3 b4 34. cxb4 axb4 35. Kh4 Rc2 36. h3 Rh2 37. Rb3 Bf8 38. Qf4 Rcc2 39. Rf3 f5 40. gxf5 Kh7 41. fxe6 Be7+ 42. Kh5 1-0

[Event "*** SCC Grand Prix: Titled Tuesday Blitz"]
[Site "Chess.com"]
[Date "2020.06.02"]
[Round "3"]
[White "gixfantastix"]
[Black "BabyBoss31"]
[Result "1-0"]
[WhiteElo "2081"]
[BlackElo "2292"]
[TimeControl "180+1"]
[EndTime "10:28:12 PDT"]
[Termination "gixfantastix won by resignation"]

1. e4 e6 2. d4 d5 3. Nc3 Nf6 4. e5 Nfd7 5. f4 c5 6. Nf3 Nc6 7. Be3 a6 8. Qd2 b5 9. Be2 Qb6 10. O-O cxd4 11. Nxd4 Bc5 12. Rad1 Bb7 13. Kh1 O-O 14. Bg1 Nxd4 15. Bxd4 Bxd4 16. Qxd4 Rac8 17. Qd3 Rfd8 18. Qh3 b4 19. Bd3 bxc3 20. Qxh7+ Kf8 21. bxc3 g6 22. Rb1 Qc6 23. Rf3 Nc5 24. Qh8+ Ke7 25. Qf6+ Ke8 26. Rh3 Nd7 27. Rh8+ Nf8 28. Bxg6 Qd7 29.
Qg7 Qe7 30. Rxb7 Qxb7 31. Rxf8+ Kd7 32. Rxf7+ 1-0

[Event "*** SCC Grand Prix: Titled Tuesday Blitz"]
[Site "Chess.com"]
[Date "2020.06.02"]
[Round "3"]
[White "topin8"]
[Black "pedromartinez91"]
[Result "0-1"]
[WhiteElo "2264"]
[BlackElo "2507"]
[TimeControl "180+1"]
[EndTime "10:28:14 PDT"]
[Termination "pedromartinez91 won by resignation"]

1. e4 e6 2. d4 d5 3. Nd2 Nf6 4. Bd3 c5 5. dxc5 dxe4 6. Nxe4 Nxe4 7. Bxe4 Qxd1+ 8. Kxd1 Bxc5 9. Ke2 f5 10. Bd3 Nc6 11. c3 e5 12. Bc4 Bd7 13. Be3 Bxe3 14. Kxe3 O-O-O 15. Nf3 f4+ 16. Ke2 e4 17. Ng5 Bg4+ 18. Ke1 Ne5 19. Bf1 h6 20. Nxe4 f3 21. h3 Bh5 22. g4 Bg6 23. Ng3 Rhe8 24. Bb5 Re7 25.
Kf1 a6 26. Ba4 Nc4 27. Kg1 Rd2 28. Bb3 Nxb2 29. Nf1 Rde2 30. Ne3 R7xe3 31. fxe3 Rg2+ 32. Kf1 Bd3+ 33. Ke1 Re2+ 34. Kf1 Rg2+ 35. Ke1 f2+ 0-1

[Event "*** SCC Grand Prix: Titled Tuesday Blitz"]
[Site "Chess.com"]
[Date "2020.06.02"]
[Round "3"]
[White "rynos0411"]
[Black "anastasiyakarlovych"]
[Result "1/2-1/2"]
[WhiteElo "2447"]
[BlackElo "1884"]
[TimeControl "180+1"]
[EndTime "10:28:15 PDT"]
[Termination "Game drawn by agreement"]

1. d4 d5 2. c4 Bf5 3. cxd5 Bxb1 4. Qa4+ c6 5. dxc6 Nxc6 6. Rxb1 e5 7. e3 Bb4+ 8. Bd2 Bxd2+ 9. Kxd2 exd4 10. exd4 Qxd4+ 11. Qxd4 Nxd4 12. Re1+ Ne7 13. Bc4 Rd8 14. Kc3 Nc6 15.
Nf3 O-O 16. Re2 Rc8 17. Rhe1 a6 18. b3 b5 19. Bd3 Ne5+ 20. Kd2 Nxd3 21. Kxd3 Rfd8+ 22. Ke4 Nd5 23. Rd2 Nf6+ 24. Kf4 Rxd2 25. Nxd2 h6 26. a4 bxa4 27. bxa4 Rc2 1/2-1/2

[Event "*** SCC Grand Prix: Titled Tuesday Blitz"]
[Site "Chess.com"]
[Date "2020.06.02"]
[Round "3"]
[White "btmilhome"]
[Black "WeAintSurePal"]
[Result "0-1"]
[WhiteElo "1756"]
[BlackElo "2241"]
[TimeControl "180+1"]
[EndTime "10:28:15 PDT"]
[Termination "WeAintSurePal won by resignation"]

1. e4 c6 2. d3 d5 3. exd5 cxd5 4. Nf3 g6 5. c3 Bg7 6. d4 Nf6 7. Bd3 O-O 8. O-O Nc6 9. Re1 Bg4 10. h3 Bxf3 11.
Qxf3 e6 12. Bg5 h6 13. Bh4 Rb8 14. a4 b6 15. Nd2 Rc8 16. Ba6 Rc7 17. Bg3 Re7 18.
Bb5 Na5 19. Re2 Nb7 20. Rae1 Nd6 21. Bd3 Nf5 22. Be5 Kh7 23. g4 Nh4 24. Qf4 Ne8 25. Bxg7 Nxg7 26. Qg3 Rc7 27. f4 f5 28. g5 hxg5 29.
fxg5 Rh8 30. Qxh4+ Kg8 31. Qg3 Nh5 32. Qf3 Qxg5+ 33.
Kf2 Nf4 34. Rg1 Qh4+ 35. Kf1 Qxh3+ 36. Qxh3 Rxh3 37. Rf2 Nxd3 38. Rxg6+ Rg7 39. Rxg7+ Kxg7 40. Nf3 0-1

[Event "*** SCC Grand Prix: Titled Tuesday Blitz"]
[Site "Chess.com"]
[Date "2020.06.02"]
[Round "3"]
[White "nadirsm"]
[Black "kleopl"]
[Result "0-1"]
[WhiteElo "2159"]
[BlackElo "2466"]
[TimeControl "180+1"]
[EndTime "10:28:16 PDT"]
[Termination "kleopl won on time"]

1. d4 Nf6 2. Bf4 d5 3. e3 c5 4. c3 Nc6 5. Nd2 Qb6 6. Qb3 Qxb3 7. axb3 cxd4 8. exd4 Bf5 9. b4 e6 10. b5 Nd8 11. b6 a6 12. Bb5+ Nd7 13. Ngf3 Ke7 14. Bxd7 Kxd7 15. Ne5+ Ke7 16. g4 Bg6 17. h4 f6 18.
Nxg6+ hxg6 19. Nb3 Kd7 20. Nc5+ Bxc5 21. dxc5 g5 22.
Bg3 Kc6 23. b4 Nf7 24. Kd2 gxh4 25. Rxh4 Rxh4 26. Bxh4 Ne5 27. Bg3 Nxg4 28. Rh1 Nh6 29. Bf4 Nf5 30. Ra1 e5 31. Be3 Rh8 32. Ke2 Rh3 33. Rg1 g5 34. Bd2 d4 35. c4 d3+ 36.
Kf1 Rh4 0-1

[Event "*** SCC Grand Prix: Titled Tuesday Blitz"]
[Site "Chess.com"]
[Date "2020.06.02"]
[Round "3"]
[White "DonBroca"]
[Black "dbrankovic68"]
[Result "0-1"]
[WhiteElo "2195"]
[BlackElo "2449"]
[TimeControl "180+1"]
[EndTime "10:28:16 PDT"]
[Termination "dbrankovic68 won by checkmate"]

1. e4 c5 2. Nf3 g6 3. d4 cxd4 4.
Nxd4 Bg7 5. c4 Nc6 6. Be3 Nf6 7. Nc3 Ng4 8. Qxg4 Nxd4 9. Qd1 e5 10. Bd3 O-O 11. O-O d6 12. Nd5 Be6 13. Rc1 a6 14. Bb1 Rc8 15. b3 Re8 16. Qd3 Bxd5 17. cxd5 Qa5 18. f4 Rxc1 19. Rxc1 h6 20. fxe5 dxe5 21.
Kf2 Qd8 22. Kg1 Qh4 23. g3 Qg4 24. Bxd4 exd4 25. Kf2 Qh5 26. h4 Qg4 27. Qf3 Qd7 28. Bd3 Be5 29. Rc4 Rf8 30. Kg2 Qd6 31. Qg4 Kg7 32.
Rc8 h5 33. Qh3 Rxc8 34. Qxc8 Bxg3 35. Qxb7 Bxh4 36. Kf3 Qg3+ 37. Ke2 Qe3+ 38. Kf1 Qf2# 0-1

[Event "*** SCC Grand Prix: Titled Tuesday Blitz"]
[Site "Chess.com"]
[Date "2020.06.02"]
[Round "3"]
[White "SaqoChess_Twitch"]
[Black "Perecke"]
[Result "0-1"]
[WhiteElo "2395"]
[BlackElo "2182"]
[TimeControl "180+1"]
[EndTime "10:28:16 PDT"]
[Termination "Perecke won by checkmate"]

1. d4 d5 2. c4 e6 3. Nc3 Nf6 4. Nf3 Be7 5. Bg5 h6 6. Bh4 O-O 7. e3 Nbd7 8. Bd3 dxc4 9. Bxc4 a6 10. O-O b5 11. Bd3 c5 12. dxc5 Nxc5 13. Bc2 Bb7 14.
b4 Ncd7 15. a3 Nd5 16. Nxd5 Bxd5 17. Bxe7 Qxe7 18. e4 Bb7 19. Re1 Rfd8 20. Qe2 Nb6 21. Bb3 Rac8 22. Rac1 Qd6 23. e5 Qd3 24. Rxc8 Bxc8 25. Qxd3 Rxd3 26. Re3 Rxe3 27. fxe3 Bb7 28. Kf2 Kf8 29. Nd4 Nd7 30. Nf3 Ke7 31. Bc2 Bxf3 32. gxf3 Nxe5 33. Be4 Nc4 34. Bb7 Nxa3 35. Bxa6 Kd6 36. Ke2 Kc6 37. Kd3 Nc4 38. h4 Nd6 39.
Kd4 Kb6 40. e4 Kxa6 41. Kc5 Nc4 42. Kc6 Nd2 43. Kd7 Nxf3 44. Ke7 Nxh4 45. Kxf7 g5 46. Kxe6 g4 47. Kd7 g3 48. e5 g2 49. e6 Nf5 50. e7 Nxe7 51. Ke6 g1=Q 52. Kf7 Qg6+ 53. Kf8 Kb6 54. Kxe7 Kc7 55. Kf8 Qh7 56. Ke8 Kd6 57. Kf8 Ke6 58. Ke8 Qg8# 0-1

[Event "*** SCC Grand Prix: Titled Tuesday Blitz"]
[Site "Chess.com"]
[Date "2020.06.02"]
[Round "3"]
[White "adriangschnitzer"]
[Black "Volodar_Murzin"]
[Result "1-0"]
[WhiteElo "2465"]
[BlackElo "2710"]
[TimeControl "180+1"]
[EndTime "10:28:17 PDT"]
[Termination "adriangschnitzer won on time"]

1. e4 c6 2. d4 d5 3. e5 Bf5 4. Nf3 e6 5. Be2 Ne7 6. O-O c5 7. c4 Nbc6 8. dxc5 dxc4 9. Qa4 Ng6 10. Rd1 Qc7 11. Be3 a6 12. Na3 Qa5 13. Qxa5 Nxa5 14.
Nxc4 Nxc4 15. Bxc4 Bg4 16. Be2 Nxe5 17. Nxe5 Bxe2 18. Rd2 Bh5 19. g4 Bg6 20. Rad1 Be7 21. c6 bxc6 22. Nxc6 Bh4 23. g5 O-O 24. Rd4 Bh5 25.
Rc1 Bf3 26. Rxh4 1-0

[Event "*** SCC Grand Prix: Titled Tuesday Blitz"]
[Site "Chess.com"]
[Date "2020.06.02"]
[Round "3"]
[White "MrChampion_Coach"]
[Black "almo64"]
[Result "0-1"]
[WhiteElo "2441"]
[BlackElo "2810"]
[TimeControl "180+1"]
[EndTime "10:28:17 PDT"]
[Termination "almo64 won by checkmate"]

1. e4 c5 2. Nf3 Nc6 3. Bb5 g6 4. Bxc6 dxc6 5. d3 Bg7 6. h3 b6 7. Nc3 e5 8. O-O Qe7 9. Nh2 Nf6 10. f4 exf4 11. Bxf4 Nh5 12. Be3 Be6 13. a4 a5 14. Qd2 O-O-O 15. g4 Nf6 16. Bh6 Bxh6 17. Qxh6 Nd7 18. Nf3 f6 19. Rae1 Kb7 20. e5 f5 21. g5 Nf8 22. Nh4 Bc8 23. Ng2 Ne6 24. h4 Rd4 25. Ne2 Rg4 26. Nf4 Rd8 27. Kh2 Rd4 28. Nxe6 Bxe6 29. c3 Rxa4 30. c4 b5 31.
Rf4 bxc4 32. Rxg4 fxg4 33. dxc4 Rxc4 34. Ne3 Re4 35. h5 Bc8 36. hxg6 Qxe5+ 37. Kg1 Qg3+ 38. Ng2 Rxe1# 0-1